 Dungeon Crawl Stone Soup version 0.24.0-13-gcf9b3192b9 (webtiles) character file.

Game seed: 7534978595329705620, levelgen mode: deterministic

4 Esekla the Skirmisher (level 1, 7/8 HPs)
             Began as a Vine Stalker Abyssal Knight on Nov 10, 2019.
             Was an Initiate of Lugonu.
             Got out of the dungeon alive.
             The game lasted 00:05:34 (470 turns).

Esekla the Skirmisher (Vine Stalker Abyssal Knight)  Turns: 470, Time: 00:05:35

Health: 7/8        AC:  3    Str: 14    XL:     1   Next: 60%
Magic:  3/3        EV: 11    Int: 12    God:    Lugonu [......]
Gold:   8          SH:  0    Dex: 13    Spells: 0/0 levels left

rFire    . . .     SeeInvis .   a - +1 falchion
rCold    . . .     Gourm    .   (no shield)
rNeg     . . .     Faith    .   b - +0 leather armour
rPois    .         Spirit   +   (no helmet)
rElec    .         Reflect  .   (no cloak)
rCorr    .         Harm     .   (no gloves)
MR       .....                  (no boots)
Stlth    +.........             (no amulet)
HPRegen  0.02/turn              (no ring)
MPRegen  0.08/turn              (no ring)

@: no status effects
A: fangs 2, deterioration 1, [frail 2], magic shield, antimagic bite, no potion
heal 3, rot immunity
a: Renounce Religion


You escaped.
You worshipped Lugonu.
Lugonu was noncommittal.
You were not hungry.

You visited 1 branch of the dungeon, and saw 1 of its levels.
You visited the Abyss 1 time.

You collected 8 gold pieces.

Inventory:

Hand Weapons
 a - a +1 falchion (weapon)
Missiles
 f - 13 poisoned darts (quivered)
Armour
 b - a +0 leather armour (worn)
Scrolls
 h - a scroll of magic mapping {unknown}
Potions
 d - 2 potions of heal wounds {unknown}
 e - a potion of invisibility {unknown}
 g - a potion of cancellation {unknown}
Comestibles
 c - 2 rations


   Skills:
 * Level 2.9 Fighting
 + Level 1.7 Long Blades
 + Level 1.5 Armour
 + Level 0.7 Dodging
 + Level 1.8 Invocations


You couldn't memorise any spells.
You didn't know any spells.
Your spell library was empty.

Dungeon Overview and Level Annotations

Branches:
Dungeon (1/15)

Altars:


Innate Abilities, Weirdness & Mutations

You have extremely sharp teeth.
When hurt, damage is shared between your health and your magic reserves.
Your bite disrupts and absorbs the magic of your enemies.
Potions cannot restore your health.
You are immune to rotting.
Your body sometimes deteriorates upon taking damage.
[You are very frail. (-20% HP)]


Message History

Found a stone staircase leading down.
Found 10 sling bullets.
A frilled lizard comes into view.
The frilled lizard hisses angrily.
You hear an angry hiss. 2 frilled lizards come into view.
The frilled lizard hisses angrily. x2
You hit the frilled lizard.
You kill the frilled lizard!
Lugonu accepts your kill.
You slash the frilled lizard!
You kill the frilled lizard!
Lugonu accepts your kill.
You hit the frilled lizard.
You kill the frilled lizard!
Lugonu accepts your kill.
You see here a frilled lizard corpse.
You see here a frilled lizard corpse.
There is a staircase leading out of the dungeon here.
Are you sure you want to leave the Dungeon?
This will make you lose the game!
You have escaped!

....# #.# #...........#####..
....####.##########..####.# #..
....##.................##.#####..
....##.#####.#####.###.#.........
.....†.#...#.#...#.#...#..###.#.#
....#..###.###(###.###...........
....#....#.....#.....#....###.#.#
....#..###.###.#.###.#.#..# #.#..
#####..#...# #.#@#.#.#.#..###.#..
#..##### #.###.###........#..
#... #...................
#..##### #.###.###.######....
#...# #.# #.# #.#####.....
###.###.# ### #.##.....#..
#.....# #..####..#.# ###.###.###
#.. #.†#.# #...# #...# ...#
#..#.#


There were no monsters in sight!

Vanquished Creatures
  A leopard gecko (D:1)
  3 frilled lizards (D:1)
4 creatures vanquished.

Notes
Turn   | Place    | Note
-------+----------+-------------------------------------------
     0 | Abyss:1  | Esekla the Vine Stalker Abyssal Knight began the quest for
                  | the Orb.
     0 | Abyss:1  | Reached XP level 1. HP: 11/11 MP: 3/3
    75 | Abyss:1  | Noticed a small abomination
    85 | Abyss:1  | Noticed a worldbinder
    86 | Abyss:1  | Noticed a vampire mosquito
    93 | Abyss:1  | Noticed a swamp drake
    93 | Abyss:1  | Noticed a swamp drake
   142 | Abyss:2  | Noticed a smoke demon
   171 | Abyss:3  | Noticed a glowing orange brain
   171 | Abyss:3  | a glowing shapeshifter changed into a glowing orange brain
   171 | Abyss:3  | Found a transporter.
   171 | Abyss:3  | Noticed a smoke demon
   172 | Abyss:3  | Noticed a large abomination
   172 | Abyss:3  | Noticed a starcursed mass
   172 | Abyss:3  | Noticed a tentacled starspawn
   172 | Abyss:3  | Noticed a tentacled starspawn
   172 | Abyss:3  | Noticed a wretched star
   172 | Abyss:3  | Noticed a small abomination
   173 | Abyss:3  | Found a corrupted altar of Lugonu.
   174 | Abyss:3  | Noticed a large abomination
   174 | Abyss:3  | Noticed a tentacled starspawn
   177 | Abyss:3  | Noticed a deep troll
   177 | Abyss:3  | a glowing orange brain changed into a deep troll
   178 | Abyss:3  | Found a transporter.
   178 | Abyss:3  | Noticed a thrashing horror
   179 | Abyss:3  | Noticed a profane servitor
   179 | Abyss:3  | Noticed a wretched star
   180 | Abyss:3  | Noticed a wretched star
   186 | Abyss:3  | Noticed a sea snake
   193 | Abyss:3  | Noticed a spatial vortex
   197 | Abyss:3  | Noticed a deep troll
   197 | Abyss:3  | a sea snake changed into a deep troll
   198 | Abyss:3  | Noticed a torpor snail
   198 | Abyss:3  | a deep troll changed into a torpor snail
   201 | Abyss:4  | Found a corrupted altar of Lugonu.
   249 | Abyss:4  | Noticed a spatial vortex
   256 | Abyss:4  | Noticed a neqoxec
   256 | Abyss:4  | Gained mutation: Your body sometimes deteriorates upon
                  | taking damage. [a neqoxec]
   263 | Abyss:4  | Noticed a wretched star
   269 | Abyss:4  | Noticed a raiju
   269 | Abyss:4  | Noticed a raiju
   269 | Abyss:4  | Noticed a raiju
   270 | D:1      | Escaped the Abyss
   470 | D:$      | Got out of the dungeon alive.

Levels and vault maps discovered:
D:1:      evilmike_arrival_hilbert_curve, layout_basic

Action                   || total
-------------------------++-------
Melee: Falchion          ||     6
Invok: Depart the Abyss  ||     1
Armor: Leather armour    ||     1
Dodge: Dodged            ||     6
